[Event "*** SCC Grand Prix: Titled Tuesday Blitz"]
[Site "Chess.com"]
[Date "2020.07.14"]
[Round "5"]
[White "superchess02"]
[Black "Maxim_e2e4"]
[Result "1-0"]
[WhiteElo "2671"]
[BlackElo "2406"]
[TimeControl "180+1"]
[EndTime "10:55:08 PDT"]
[Termination "superchess02 won on time"]

1. d4 Nf6 2. c4 g6 3. Nc3 d5 4. cxd5 Nxd5 5. e4 Nxc3 6. bxc3 Bg7 7. Bc4 c5 8. Ne2 Nc6 9. Be3 O-O 10. O-O e6 11.
Rb1 cxd4 12. cxd4 b6 13. Qd2 Bb7 14. Rfd1 Rc8 15. Rbc1 Na5 16. Bd3 Qd7 17. Bh6 Bxh6 18. Qxh6 Qa4 19. e5 Nc4 20. Ng3 Kh8 21. Be4 Bd5 22. Nh5 Rg8 23. Nf6 Rg7 24. Bxd5 exd5 25. Rd3 1-0

[Event "*** SCC Grand Prix: Titled Tuesday Blitz"]
[Site "Chess.com"]
[Date "2020.07.14"]
[Round "5"]
[White "LilRag"]
[Black "124chess"]
[Result "0-1"]
[WhiteElo "2509"]
[BlackElo "2686"]
[TimeControl "180+1"]
[EndTime "10:55:08 PDT"]
[Termination "124chess won by resignation"]

1. e4 e5 2. Nf3 Nc6 3. Bc4 Nf6 4. d4 exd4 5. O-O d6 6. Nxd4 Be7 7. Nc3 O-O 8. h3 Ne5 9. Be2 c6 10. Be3 Re8 11. f4 Ng6 12. Bd3 Bd7 13. Kh1 Bf8 14.
Qf3 b5 15. a3 a5 16. e5 dxe5 17. Nxc6 e4 18. Bxe4 Qc8 19. Ne5 Nxe4 20. Nxe4 Bf5 21. c3 f6 22. Ng3 fxe5 23. fxe5 Be6 24. Bd4 Bc4 25. Rf2 Qe6 26. Re1 Bd5 27. Qe2 Qxh3+ 28. Kg1 Qxg3 29. Qxb5 Bxg2 30. Re3 Bf3+ 31. Kf1 Qh3+ 32. Ke1 Qh1+ 33. Rf1 Qh4+ 34. Kd2 Bg2 35. Qc4+ Kh8 36. e6 0-1

[Event "*** SCC Grand Prix: Titled Tuesday Blitz"]
[Site "Chess.com"]
[Date "2020.07.14"]
[Round "5"]
[White "WildTricks"]
[Black "qingaunlee"]
[Result "1-0"]
[WhiteElo "2513"]
[BlackElo "2344"]
[TimeControl "180+1"]
[EndTime "10:55:08 PDT"]
[Termination "WildTricks won by resignation"]

1. Nf3 d5 2. g3 Nc6 3. d4 Bg4 4.
Bg2 Nf6 5. O-O Bxf3 6. Bxf3 e5 7.
dxe5 Nxe5 8. Bg2 Qd7 9. Bf4 Ng6 10. Be3 Be7 11. c3 O-O 12. Nd2 Ng4 13. Bf4 Nxf4 14.
gxf4 c6 15. e3 Nh6 16. Nf3 Bd6 17. Qc2 Rfe8 18. Rad1 Qe7 19. Ng5 f6 20. Qxh7+ Kf8 21. Nf3 Kf7 22. Nh4 Rh8 23. Qg6+ Kg8 24. Kh1 Qe8 25. c4 Nf7 26. Nf5 Bf8 27. cxd5 c5 28.
d6 Nxd6 29. Bd5+ Nf7 30. Bxb7 Rb8 31. Bd5 Rxb2 32. Nxg7 Bxg7 33. Bxf7+ Qxf7 34. Rd8+ Qf8 35. Rxf8+ Kxf8 36. Rd1 1-0

[Event "*** SCC Grand Prix: Titled Tuesday Blitz"]
[Site "Chess.com"]
[Date "2020.07.14"]
[Round "5"]
[White "Gerodot71"]
[Black "TheCount"]
[Result "0-1"]
[WhiteElo "2433"]
[BlackElo "2704"]
[TimeControl "180+1"]
[EndTime "10:55:10 PDT"]
[Termination "TheCount won by resignation"]

1. d4 Nf6 2. c4 g6 3. Nc3 d5 4. cxd5 Nxd5 5. e4 Nxc3 6. bxc3 Bg7 7. Nf3 c5 8. Bb5+ Nc6 9. Rb1 Qa5 10. Bd2 a6 11. Bd3 O-O 12. d5 Ne5 13. Nxe5 Bxe5 14. Qc2 b5 15. c4 b4 16. O-O Bd7 17. f4 Bd4+ 18. Kh1 Qa3 19. Qb3 Qxb3 20. axb3 a5 21. Bc2 a4 22. bxa4 Bxa4 23. Bxa4 Rxa4 24. Rfc1 Ra2 25.
Be1 Be3 26. Rd1 Bxf4 27. Bh4 g5 28. Be1 Rfa8 29. h3 Re2 30. g3 Be5 31. Rd2 Ra2 32. Rxa2 Rxa2 33. Kg1 Re2 34. Bf2 Bd6 35. Re1 Rxe1+ 36. Bxe1 Be5 0-1

[Event "*** SCC Grand Prix: Titled Tuesday Blitz"]
[Site "Chess.com"]
[Date "2020.07.14"]
[Round "5"]
[White "DonPreuss"]
[Black "GustavoJuarezF"]
[Result "1-0"]
[WhiteElo "2182"]
[BlackElo "1984"]
[TimeControl "180+1"]
[EndTime "10:55:10 PDT"]
[Termination "DonPreuss won on time"]

1. d4 Nf6 2. Nc3 d5 3. e4 dxe4 4. f3 e5 5. dxe5 Qxd1+ 6. Kxd1 Nfd7 7. Nd5 Kd8 8. Bg5+ f6 9. exf6 gxf6 10. Nxf6 Be7 11.
Nxe4 Bxg5 12. Nxg5 Ke7 13. Bd3 Ne5 14. Ne2 Nxd3 15.
cxd3 Bf5 16. Ne4 Nc6 17. Kd2 Rad8 18. Kc3 Rhe8 19. Rad1 Ne5 20. N2g3 Bg6 21. Rhe1 b6 22. f4 Nc6 23. f5 Bf7 24. Ng5+ Kf8 25. Nxh7+ Kg7 26. Ng5 Bxa2 27. b3 Rxe1 28. Rxe1 Na5 29.
Ne6+ 1-0

[Event "*** SCC Grand Prix: Titled Tuesday Blitz"]
[Site "Chess.com"]
[Date "2020.07.14"]
[Round "5"]
[White "swimmerchess"]
[Black "Duhless"]
[Result "0-1"]
[WhiteElo "2828"]
[BlackElo "3041"]
[TimeControl "180+1"]
[EndTime "10:55:12 PDT"]
[Termination "Duhless won by resignation"]

1. e4 c5 2. Nf3 d6 3. d4 cxd4 4.
Nxd4 Nf6 5. Nc3 Nc6 6. Be2 e5 7. Nf3 Be7 8. Bg5 O-O 9. O-O Be6 10. Bxf6 Bxf6 11. Nd5 Rc8 12. c3 Ne7 13. Nxf6+ gxf6 14. Qd2 d5 15. exd5 Qxd5 16. Rad1 Qxd2 17. Rxd2 Rfd8 18.
Rfd1 Rxd2 19. Rxd2 Kf8 20. a3 Nf5 21. Bd1 Ke7 22.
Bc2 h6 23. Kf1 Nd6 24. Bb1 Rc6 25. Ke1 Nc4 26. Re2 Rb6 27. b4 Nxa3 28. Bd3 Rc6 29. Kd2 Rd6 30. Nh4 f5 31. f3 Kf6 32. Ke3 f4+ 33. Kd2 Bc4 0-1

[Event "*** SCC Grand Prix: Titled Tuesday Blitz"]
[Site "Chess.com"]
[Date "2020.07.14"]
[Round "5"]
[White "DenisQ"]
[Black "JSMastropiero"]
[Result "1-0"]
[WhiteElo "2634"]
[BlackElo "2414"]
[TimeControl "180+1"]
[EndTime "10:55:12 PDT"]
[Termination "DenisQ won on time"]

1. Nf3 Nf6 2. c4 g6 3. Nc3 Bg7 4. g3 O-O 5. Bg2 d6 6. O-O Nc6 7. Rb1 a5 8. a3 e5 9. b4 axb4 10.
axb4 h6 11. b5 Nd4 12. Nxd4 exd4 13. Nd5 d3 14. exd3 Bf5 15. Qc2 Nd7 16. Bb2 Nc5 17. Bxg7 Kxg7 18. Nb4 Kh7 19. Ra1 Qf6 20. Qc3 Qxc3 21.
dxc3 Nxd3 22. Bxb7 Rxa1 23. Rxa1 Nc5 24. Bd5 Re8 25. Bxf7 Re2 26. Ra2 Re1+ 27. Kg2 Rc1 28. Nd5 Be4+ 29. f3 Bxd5 30. Bxd5 Rxc3 31. Ra7 Rc2+ 32.
Kf1 Nd3 33. b6 1-0

[Event "*** SCC Grand Prix: Titled Tuesday Blitz"]
[Site "Chess.com"]
[Date "2020.07.14"]
[Round "5"]
[White "annazero"]
[Black "francyIM"]
[Result "0-1"]
[WhiteElo "2369"]
[BlackElo "2656"]
[TimeControl "180+1"]
[EndTime "10:55:14 PDT"]
[Termination "francyIM won on time"]

1. d4 Nf6 2. Nf3 g6 3. Bg5 Bg7 4. Nbd2 d5 5. c3 h6 6. Bh4 O-O 7. e3 c5 8. dxc5 a5 9. a4 Na6 10. Bxa6 Rxa6 11. Bxf6 Rxf6 12. O-O b6 13. b4 bxc5 14.
bxc5 Ba6 15. Re1 Rc6 16. Nd4 Rxc5 17. Rc1 e5 18. N4b3 Rc8 19. e4 f5 20. exd5 Qxd5 21.
c4 Qd7 22. Nxa5 Rfd8 23. Nab3 Qxa4 24. Qc2 e4 25. c5 Bd3 26. Qd1 Qb4 27. h4 Bb5 28. Qc2 Ba4 29. Qa2 Kh8 30. h5 Rd3 0-1

[Event "*** SCC Grand Prix: Titled Tuesday Blitz"]
[Site "Chess.com"]
[Date "2020.07.14"]
[Round "5"]
[White "LuckSlayeer"]
[Black "barbara25"]
[Result "1-0"]
[WhiteElo "2398"]
[BlackElo "2208"]
[TimeControl "180+1"]
[EndTime "10:55:16 PDT"]
[Termination "LuckSlayeer won by checkmate"]

1. Nf3 Nf6 2. c4 e6 3. g3 c6 4.
Bg2 d5 5. d4 Be7 6. O-O O-O 7.
Qc2 b6 8. Nbd2 Bb7 9. e4 Nbd7 10. e5 Ne8 11. cxd5 cxd5 12. Qa4 a6 13. Re1 b5 14. Qc2 Rc8 15. Qb1 Qc7 16. Bf1 Qc2 17. Qxc2 Rxc2 18. Bd3 Rc8 19. Nb3 Nb6 20. Bg5 Bxg5 21. Nxg5 Nc4 22. Nxh7 Nxb2 23. Bb1 Nc4 24. Nxf8 Kxf8 25. Nc5 Rc7 26. Bd3 Ke7 27. Rab1 Bc8 28. a4 bxa4 29. Nxa4 f6 30. f4 g5 31. fxg5 fxg5 32.
Nb6 Nxb6 33. Rxb6 a5 34. Ra1 Rc3 35. Bb5 Ng7 36. Rxa5 Nf5 37. Ra7+ Kd8 38. Rb8 g4 39. Ba6 Rc1+ 40. Kf2 Rc2+ 41. Ke1 Ne7 42. Bxc8 Nxc8 43. Rh7 Rc1+ 44. Kd2 Rc4 45. Kd3 Rc1 46. Rg7 Rc6 47.
Rbb7 Rc1 48. Rg8# 1-0

[Event "*** SCC Grand Prix: Titled Tuesday Blitz"]
[Site "Chess.com"]
[Date "2020.07.14"]
[Round "5"]
[White "crazychessbr"]
[Black "ChessBitl"]
[Result "0-1"]
[WhiteElo "2069"]
[BlackElo "2308"]
[TimeControl "180+1"]
[EndTime "10:55:19 PDT"]
[Termination "ChessBitl won on time"]

1. e4 c5 2. d3 g6 3. g3 Bg7 4. Bg2 e6 5. f4 Ne7 6. Nf3 O-O 7.
O-O f5 8. c3 Nbc6 9. Be3 b6 10.
Na3 d5 11. e5 Ba6 12. Re1 Qd7 13. d4 cxd4 14. Nxd4 Nxd4 15. Bxd4 Nc6 16. Bf2 Rac8 17. Nc2 Na5 18. Nd4 Rc7 19. g4 Bb7 20. gxf5 gxf5 21.
Kh1 Kh8 22. Rg1 Nc4 23. Rb1 Bh6 24. Bh4 Bxf4 25. Bf6+ Rxf6 26. exf6 Qf7 27. Qe2 Ne3 28. Qf3 e5 29. Nxf5 Nxf5 30. Qg4 Ne3 31. Qh4 Nxg2 32. Rxg2 d4 33. Kg1 Bxg2 34. Kxg2 Qg6+ 35. Kf2 Rf7 0-1

[Event "*** SCC Grand Prix: Titled Tuesday Blitz"]
[Site "Chess.com"]
[Date "2020.07.14"]
[Round "5"]
[White "XxPetroffsxX"]
[Black "secretsuperstar7"]
[Result "1-0"]
[WhiteElo "1952"]
[BlackElo "2101"]
[TimeControl "180+1"]
[EndTime "10:55:20 PDT"]
[Termination "XxPetroffsxX won by resignation"]

1. e4 c5 2. Nc3 Nc6 3. g3 Nf6 4.
Bg2 e6 5. d3 d5 6. exd5 exd5 7.
Nge2 Be6 8. O-O Be7 9. d4 O-O 10. Bg5 cxd4 11. Nxd4 Nxd4 12. Qxd4 h6 13. Bd2 Rc8 14.
Qxa7 b6 15. Be3 d4 16. Bxd4 Qxd4 17. Qxe7 Rc5 18. Rad1 Qb4 19. a3 Qc4 20. Rfe1 Re8 21. Rd8 Rxd8 22. Qxd8+ Kh7 23. h3 Bf5 24. Bf1 Rc8 25.
Qxb6 Qc5 26. Qxc5 Rxc5 27. Bd3 Bxd3 28. cxd3 Rc7 29. d4 Rd7 30. Rd1 Nd5 31. Nxd5 Rxd5 32. f4 Kg6 33. g4 Kf6 34. Kf2 Ke6 35. Ke3 Kd6 36. Rc1 Rb5 37. b4 Kd5 38. Rc5+ Rxc5 39. dxc5 Kc6 40. a4 1-0

[Event "*** SCC Grand Prix: Titled Tuesday Blitz"]
[Site "Chess.com"]
[Date "2020.07.14"]
[Round "5"]
[White "MF1966Idrisov"]
[Black "Lenyas66"]
[Result "1-0"]
[WhiteElo "2336"]
[BlackElo "2482"]
[TimeControl "180+1"]
[EndTime "10:55:21 PDT"]
[Termination "MF1966Idrisov won by resignation"]

1. Nf3 c5 2. c4 Nc6 3. b3 d5 4. cxd5 Qxd5 5. Nc3 Qd7 6. g3 Nf6 7. Bg2 g6 8. O-O Bg7 9. Bb2 O-O 10. d3 Rd8 11. Qc1 Qf5 12. Na4 Nd4 13. Re1 Qh5 14. Qxc5 Rd5 15. Qxe7 Bh3 16. Bxd4 Bxg2 17. Kxg2 Rxd4 18. Nxd4 Re8 19. Qxb7 Ng4 20. Nf3 Bxa1 21. Rxa1 Rxe2 22. Rf1 Ne3+ 23. Kg1 Nxf1 24. Kxf1 Rxa2 25. Qb8+ Kg7 26. Qe5+ Qxe5 27. Nxe5 Ra1+ 28. Ke2 Rb1 29. Nc5 Rb2+ 30. Ke3 Kf6 31. d4 Ra2 32. h4 Ke7 33. f3 f6 34. Nc4 Rg2 35. g4 Rh2 36. d5 Rxh4 37. d6+ Kd8 38. Na5 Rh1 39. Nc6+ Kc8 40.
d7+ 1-0

[Event "*** SCC Grand Prix: Titled Tuesday Blitz"]
[Site "Chess.com"]
[Date "2020.07.14"]
[Round "5"]
[White "Airquake"]
[Black "zmeeed67"]
[Result "1-0"]
[WhiteElo "2608"]
[BlackElo "2430"]
[TimeControl "180+1"]
[EndTime "10:55:22 PDT"]
[Termination "Airquake won on time"]

1. e4 Nc6 2. Nf3 d6 3. d4 Nf6 4. Nc3 Bg4 5. Be2 g6 6. O-O Bg7 7. d5 Nb8 8. h3 Bxf3 9. Bxf3 O-O 10. Be2 c6 11. Be3 cxd5 12. exd5 Nbd7 13. Bc4 Rc8 14. Bb3 a6 15. Ne2 Ne5 16. Bd4 Nfd7 17. c3 Re8 18. Re1 Nc5 19. Bc2 Ned7 20. Bxg7 Kxg7 21.
h4 Nf6 22. Ng3 h5 23. Qd2 Qd7 24. Re2 Qg4 25. Rae1 Qxh4 26. Rxe7 Rxe7 27. Rxe7 Nxd5 28. Re1 Nf6 29. Qxd6 Ne6 30. Bxg6 Kxg6 31. Qd3+ Kg5 32. Re5+ 1-0

[Event "*** SCC Grand Prix: Titled Tuesday Blitz"]
[Site "Chess.com"]
[Date "2020.07.14"]
[Round "5"]
[White "praveenb2002"]
[Black "Lion-Al-Messi"]
[Result "1-0"]
[WhiteElo "2713"]
[BlackElo "2435"]
[TimeControl "180+1"]
[EndTime "10:55:23 PDT"]
[Termination "praveenb2002 won by resignation"]

1. d4 d5 2. c4 c6 3. Nf3 Nf6 4. Nc3 dxc4 5. a4 Bf5 6. e3 e6 7.
Bxc4 Bb4 8. O-O Nbd7 9. Nh4 O-O 10. Nxf5 exf5 11. Qc2 g6 12. f3 c5 13. Na2 Ba5 14.
dxc5 Nxc5 15. b4 Rc8 16. bxa5 Qxa5 17. Bd2 Qxa4 18. Qxa4 Nxa4 19. Rfc1 a6 20. Kf2 b5 21. Be2 Nd5 22. Nb4 Nxb4 23. Bxb4 Rfd8 24. Ke1 Kg7 25. Rxc8 Rxc8 26. Rd1 Rc2 27. Rd6 Rb2 28. Ba5 Rb1+ 29. Kf2 Nc5 30. Rc6 Rc1 31. Rd6 Rc2 32. Ke1 Nb3 33.
Rxa6 Nc1 34. Bf1 Ra2 35. Bc3+ Kh6 36. Rxa2 Nxa2 37. Bd2 b4 38. Bc4 Nc3 39. Bxc3 bxc3 40. Bxf7 Kg5 41. Kd1 1-0

[Event "*** SCC Grand Prix: Titled Tuesday Blitz"]
[Site "Chess.com"]
[Date "2020.07.14"]
[Round "5"]
[White "Alexander_Moskalenko"]
[Black "grunbergmihai"]
[Result "1-0"]
[WhiteElo "2776"]
[BlackElo "2517"]
[TimeControl "180+1"]
[EndTime "10:55:24 PDT"]
[Termination "Alexander_Moskalenko won by resignation"]

1. c4 Nf6 2. Nc3 g6 3. g3 d5 4. cxd5 Nxd5 5. Bg2 Nxc3 6. bxc3 Bg7 7. h4 c5 8. h5 O-O 9. hxg6 hxg6 10. Qa4 e6 11.
Qg4 e5 12. Qc4 Na6 13. Rb1 Rb8 14. d3 Be6 15. Qa4 e4 16. Qxe4 Bxc3+ 17. Kf1 b5 18. Bf4 Rb6 19. Be5 Bxe5 20. Qxe5 f6 21. Qe4 f5 22. Qe3 Qd4 23. Qxd4 cxd4 24. a3 Rc8 25. Nf3 Rd8 26. Rh4 b4 27. axb4 Rxb4 28. Rxb4 Nxb4 29. Nxd4 Bd5 30. Nxf5 Bxg2+ 31. Kxg2 Nxd3 32. Nh6+ 1-0

[Event "*** SCC Grand Prix: Titled Tuesday Blitz"]
[Site "Chess.com"]
[Date "2020.07.14"]
[Round "5"]
[White "maxsergej"]
[Black "aripov96"]
[Result "0-1"]
[WhiteElo "2079"]
[BlackElo "2418"]
[TimeControl "180+1"]
[EndTime "10:55:24 PDT"]
[Termination "aripov96 won by resignation"]

1. e4 c5 2. Nf3 Nc6 3. d4 cxd4 4.
Nxd4 g6 5. Nc3 Bg7 6. Be3 Nf6 7. Bc4 d6 8. f3 Qb6 9. Bb3 Nxe4 10. Nf5 Bxc3+ 11. bxc3 Qa5 12. Ng7+ Kf8 13. Bh6 Qxc3+ 14. Kf1 Nd2+ 15. Bxd2 Qxg7 16. g3 Bh3+ 17. Kf2 Qd4+ 18.
Be3 Qxd1 19. Rhxd1 Be6 20. Bxe6 fxe6 21. Rab1 b6 22. c4 Kf7 23. f4 Rac8 24. Kf3 Na5 25. Bd4 Rhd8 26. Re1 Rxc4 27. Ba1 Rdc8 28. Re2 Nb7 29. Rbe1 Nc5 30. h4 Ra4 31. Bd4 Rxd4 0-1

[Event "*** SCC Grand Prix: Titled Tuesday Blitz"]
[Site "Chess.com"]
[Date "2020.07.14"]
[Round "5"]
[White "Sanyura"]
[Black "malakismayil"]
[Result "1-0"]
[WhiteElo "2473"]
[BlackElo "2258"]
[TimeControl "180+1"]
[EndTime "10:55:25 PDT"]
[Termination "Sanyura won by resignation"]

1. d4 Nf6 2. Nf3 e6 3. c4 Bb4+ 4. Nbd2 O-O 5. a3 Bxd2+ 6. Qxd2 Ne4 7. Qc2 f5 8. e3 b6 9. Bd3 Bb7 10. b4 d6 11. Bb2 Nd7 12. O-O-O a5 13. b5 Ndf6 14. h4 c6 15. Ng5 Qe7 16. f3 Ng3 17.
Rh3 Ngh5 18. g4 cxb5 19. gxh5 bxc4 20. Bxc4 d5 21. Bd3 Rac8 22. Bc3 Qxa3+ 23. Kd2 Qd6 24. Qb2 h6 25. Rg1 Nxh5 26. f4 Nxf4 27. exf4 Qxf4+ 28. Kd1 hxg5 29. Bd2 Qf2 30. Rf1 Qg2 31. Rhh1 g4 32.
Rhg1 Qh2 33. Qxb6 Qc7 34. Qxe6+ Qf7 35. Qxf7+ Rxf7 36. Bxf5 Rcf8 37. Be6 1-0

[Event "*** SCC Grand Prix: Titled Tuesday Blitz"]
[Site "Chess.com"]
[Date "2020.07.14"]
[Round "5"]
[White "NemtsevIgor"]
[Black "mohssenbinaddi"]
[Result "1-0"]
[WhiteElo "2340"]
[BlackElo "2156"]
[TimeControl "180+1"]
[EndTime "10:55:25 PDT"]
[Termination "NemtsevIgor won by resignation"]

1. d3 c6 2. g3 d5 3. Nf3 Bg4 4. Bg2 Nd7 5. O-O e6 6. Nc3 Ngf6 7. e4 Ne5 8. Bf4 Ng6 9. Bg5 h6 10. Bd2 Ne5 11. d4 Nc4 12. e5 Ne4 13. Bc1 Nxc3 14.
bxc3 Be7 15. h3 Bh5 16. g4 Bg6 17. Nd2 b5 18. Nxc4 bxc4 19. f4 Qa5 20. f5 Bh7 21. Bd2 Bg5 22. Rb1 O-O 23. Bxg5 hxg5 24. Qd2 exf5 25.
gxf5 f6 26. Rb7 Rab8 27. Rxb8 Rxb8 28. Qe3 Qxa2 29. exf6 1-0

[Event "*** SCC Grand Prix: Titled Tuesday Blitz"]
[Site "Chess.com"]
[Date "2020.07.14"]
[Round "5"]
[White "Arjun2002"]
[Black "Zq1"]
[Result "1-0"]
[WhiteElo "2661"]
[BlackElo "2484"]
[TimeControl "180+1"]
[EndTime "10:55:26 PDT"]
[Termination "Arjun2002 won by resignation"]

1. e4 c5 2. Nf3 d6 3. d4 cxd4 4. Nxd4 Nf6 5. Nc3 Nc6 6. f3 Nxd4 7. Qxd4 g6 8. Be3 Bg7 9. O-O-O O-O 10. Qd2 Be6 11.
Kb1 Rc8 12. Bd4 Re8 13. g4 a6 14. h4 h5 15. g5 Nd7 16. Bxg7 Kxg7 17. f4 Bg4 18. Be2 Bxe2 19. Nxe2 Qb6 20. Rh3 Nc5 21. Nc3 Kg8 22. f5 Nd7 23. Nd5 Qa7 24. f6 exf6 25. gxf6 Kh7 26. Ne7 Rc5 27. Nf5 gxf5 28. Qg5 Nxf6 29.
Qxf6 b5 30. Rg3 Rg8 31. Rxg8 Kxg8 32. Rg1+ 1-0

[Event "*** SCC Grand Prix: Titled Tuesday Blitz"]
[Site "Chess.com"]
[Date "2020.07.14"]
[Round "5"]
[White "manitodeplomo"]
[Black "malandragem"]
[Result "0-1"]
[WhiteElo "2501"]
[BlackElo "2363"]
[TimeControl "180+1"]
[EndTime "10:55:26 PDT"]
[Termination "malandragem won by resignation"]

1. d4 Nf6 2. c4 g6 3. Nc3 Bg7 4. e4 d6 5. Be2 O-O 6. Nf3 e5 7. d5 Na6 8. Bg5 h6 9. Bh4 Qe8 10. Nd2 Nh7 11. O-O h5 12. f3 Bh6 13. Rb1 c5 14. Nb5 Qd7 15. a3 b6 16. b4 Nc7 17.
Kh1 Bf4 18. bxc5 bxc5 19. Nb3 Ne8 20. Na5 g5 21. Bf2 h4 22. Nc6 Kg7 23. Qa4 Rh8 24.
Qa5 Nhf6 25. Qd8 g4 26. Qxd7 Bxd7 27. Nbxa7 g3 28. Bg1 h3 29. hxg3 Bxg3 30. Bf2 Nh5 31. Rg1 Bxf2 32. gxh3+ Bxg1 33. Rxg1+ Kf6 34. Bf1 0-1

[Event "*** SCC Grand Prix: Titled Tuesday Blitz"]
[Site "Chess.com"]
[Date "2020.07.14"]
[Round "5"]
[White "VladimirBugayev"]
[Black "Colombiano07"]
[Result "0-1"]
[WhiteElo "2112"]
[BlackElo "2323"]
[TimeControl "180+1"]
[EndTime "10:55:27 PDT"]
[Termination "Colombiano07 won on time"]

1. e4 c5 2. a3 g6 3. h4 h5 4.
Nc3 Bg7 5. Bc4 e6 6. d3 Ne7 7. Bg5 Nbc6 8. Nf3 d6 9. Qd2 Bd7 10. Qf4 Qa5 11. Bf6 Bh6 12. Ng5 e5 13. Bxf7+ Kf8 14. Qd2 Bg7 15. Bxg7+ Kxg7 16. Be6 Bxe6 17. Nxe6+ Kf6 18. Ng5 Kg7 19. O-O-O b5 20. f4 Nd4 21. fxe5 dxe5 22. Rdf1 Raf8 23. Nd5 Qxd2+ 24. Kxd2 Nxd5 25. exd5 Rf5 26. c3 Nb3+ 27. Kc2 c4 28. dxc4 bxc4 29. d6 Nc5 30. Rxf5 gxf5 31. Rd1 Nd7 32. Nf3 Kf6 33. Rd5 Rg8 0-1

[Event "*** SCC Grand Prix: Titled Tuesday Blitz"]
[Site "Chess.com"]
[Date "2020.07.14"]
[Round "5"]
[White "Larina_Marija"]
[Black "gagtemp"]
[Result "1-0"]
[WhiteElo "2109"]
[BlackElo "1926"]
[TimeControl "180+1"]
[EndTime "10:55:29 PDT"]
[Termination "Larina_Marija won by resignation"]

1. e4 d5 2. exd5 Qxd5 3. Nc3 Qd6 4. d4 Nf6 5. g3 a6 6. Bg2 Nc6 7. Nge2 Bg4 8. Bf4 Qd7 9. h3 Bf5 10. g4 Bg6 11. Qd2 e6 12. O-O-O O-O-O 13. Kb1 Bb4 14.
a3 Bxc3 15. Qxc3 Nd5 16. Qf3 Nxf4 17. Nxf4 Qe7 18. Rhe1 Qf6 19. Qe3 Nxd4 20. Nxg6 hxg6 21. g5 Qf5 22. Rxd4 Rxd4 23. Qxd4 Qxg5 24. Qe4 1-0

[Event "*** SCC Grand Prix: Titled Tuesday Blitz"]
[Site "Chess.com"]
[Date "2020.07.14"]
[Round "5"]
[White "ChessArchitect64"]
[Black "pitopisback"]
[Result "0-1"]
[WhiteElo "1859"]
[BlackElo "2112"]
[TimeControl "180+1"]
[EndTime "10:55:30 PDT"]
[Termination "pitopisback won by resignation"]

1. d4 g6 2. e4 Bg7 3. Nc3 d6 4. Nf3 a6 5. a4 Nc6 6. Be2 Bg4 7. Be3 e5 8. d5 Nce7 9. Nd2 Bxe2 10. Qxe2 Nf6 11. f3 O-O 12. a5 c6 13. Bb6 Qd7 14. dxc6 bxc6 15. O-O d5 16. Nb3 d4 17. Nc5 Qd6 18. N3a4 Nh5 19. g3 f5 20. Qc4+ Kh8 21.
Nb7 Qf6 22. Bc5 Qg5 23. Qe2 Nf4 24. Qe1 Bf6 25. Kh1 Nh5 26. Nd6 Rad8 27. Nc4 Ng7 28. Kg2 Ne6 29. Bxe7 Bxe7 30. Nab6 fxe4 31. fxe4 Rxf1 32.
Qxf1 Rf8 33. Qe2 Nf4+ 34. Kf1 Nxe2+ 35. Kxe2 0-1

[Event "*** SCC Grand Prix: Titled Tuesday Blitz"]
[Site "Chess.com"]
[Date "2020.07.14"]
[Round "5"]
[White "mishikomchedlishvili"]
[Black "Natalya_Buksa"]
[Result "1-0"]
[WhiteElo "2762"]
[BlackElo "2538"]
[TimeControl "180+1"]
[EndTime "10:55:31 PDT"]
[Termination "mishikomchedlishvili won on time"]

1. d4 d5 2. Nf3 Nf6 3. g3 e6 4. Bg2 Be7 5. c4 O-O 6. Qc2 dxc4 7. Qxc4 c6 8. Bg5 b5 9. Qc2 Bb7 10. Nbd2 Nbd7 11. Nb3 c5 12. dxc5 Rc8 13. Bxf6 gxf6 14.
Ng5 fxg5 15. Bxb7 Rc7 16. c6 Nb6 17. O-O Qd5 18. Rfd1 Qe5 19. Nd4 h5 20. Nf3 Qg7 21. Qb3 b4 22. Nd4 Qe5 23. a4 bxa3 24. bxa3 Rb8 25.
Rab1 Rcxb7 26. cxb7 Rxb7 27. Qf3 Rc7 28. Nc6 Qf6 29.
Nxe7+ Qxe7 30. Qxh5 Kg7 31. Rbc1 Rxc1 32. Rxc1 Nd5 33. Rc4 e5 34. Rc8 1-0

[Event "*** SCC Grand Prix: Titled Tuesday Blitz"]
[Site "Chess.com"]
[Date "2020.07.14"]
[Round "5"]
[White "JoliyRoger"]
[Black "profofchess"]
[Result "0-1"]
[WhiteElo "2270"]
[BlackElo "2479"]
[TimeControl "180+1"]
[EndTime "10:55:31 PDT"]
[Termination "profofchess won by resignation"]

1. Nf3 Nc6 2. d4 d5 3. Bf4 Bg4 4. e3 f6 5. Bb5 g5 6. Bg3 e6 7. c4 Bd6 8. Qa4 Ne7 9. Nbd2 a6 10.
Bxc6+ Nxc6 11. Rc1 Qd7 12. a3 h5 13. Bxd6 Qxd6 14.
h3 Bf5 15. cxd5 exd5 16. Rc5 O-O-O 17. Nb3 g4 18. Nh4 Bd7 19. hxg4 hxg4 20. g3 Kb8 21. Nd2 Ne7 22. Qc2 b6 23. Rc3 Nf5 24. O-O Nxh4 0-1

[Event "*** SCC Grand Prix: Titled Tuesday Blitz"]
[Site "Chess.com"]
[Date "2020.07.14"]
[Round "5"]
[White "thedjoker98"]
[Black "WIDBIFS"]
[Result "0-1"]
[WhiteElo "2503"]
[BlackElo "2741"]
[TimeControl "180+1"]
[EndTime "10:55:32 PDT"]
[Termination "WIDBIFS won by resignation"]

1. d4 Nf6 2. c4 g6 3. Nc3 Bg7 4.
e4 d6 5. h3 O-O 6. Be3 c5 7.
d5 e6 8. Nf3 exd5 9. exd5 Re8 10. Bd3 Rxe3+ 11. fxe3 Qe7 12. e4 Nbd7 13. O-O Nh5 14.
Qd2 Ne5 15. Be2 Ng3 16. Rfe1 Nxf3+ 17. Bxf3 Bd4+ 18. Re3 Qg5 19. Re1 Bxh3 20. Nb5 Bd7 21. Nxd4 cxd4 22. Qxd4 Qh4 23. Bd1 Nf5 24. Qd2 Nxe3 25.
Qxe3 b6 26. Qf2 Qxf2+ 27. Kxf2 Re8 28. b4 Kg7 29. Ke3 f5 30. Kd4 Kf6 31. Bc2 h5 32. Bd3 f4 33. Rc1 g5 34. c5 bxc5+ 35. bxc5 dxc5+ 36. Rxc5 g4 37. Rc7 Rd8 38. e5+ Kg5 39. Kc5 h4 40. e6 Bxe6 41. dxe6 Rxd3 42. e7 Re3 43. Kd6 Kf6 44. Rxa7 Re6+ 45. Kd5 Rxe7 46. Rxe7 Kxe7 47. Ke4 f3 48. Ke3 fxg2 49. Kf2 h3 50. Kg1 Kd6 51. Kh2 Kc5 52. Kg3 Kb4 53. Kxg4 g1=Q+ 54. Kxh3 0-1

[Event "*** SCC Grand Prix: Titled Tuesday Blitz"]
[Site "Chess.com"]
[Date "2020.07.14"]
[Round "5"]
[White "jacky72"]
[Black "bratkoo"]
[Result "1-0"]
[WhiteElo "2656"]
[BlackElo "2463"]
[TimeControl "180+1"]
[EndTime "10:55:32 PDT"]
[Termination "jacky72 won by resignation"]

1. c3 e5 2. g3 d5 3. Na3 Nf6 4. Bg2 Be7 5. Nf3 e4 6. Nd4 c5 7. Nb3 O-O 8. d3 exd3 9. exd3 Bg4 10. f3 Bf5 11. O-O Nc6 12. Nc2 h6 13. f4 c4 14.
dxc4 dxc4 15. Nbd4 Bd3 16. Re1 Bc5 17. Be3 Qb6 18.
Nxc6 bxc6 19. Bxc5 Qxc5+ 20. Nd4 Rad8 21. Kh1 Nd5 22. Re5 Qb6 23. Qd2 Rd6 24. Rae1 Nf6 25.
Nf5 Rdd8 26. Ne7+ Kh8 27. Nxc6 Be4 28. Nxd8 Rxd8 29. Qe2 Bd3 30. Qd2 Ng4 31. Re8+ Rxe8 32. Rxe8+ Kh7 33. h3 Nf2+ 34. Kh2 f5 35. b3 Ne4 36. Bxe4 Bxe4 37. Qd4 Qc6 38. Qd8 cxb3 39. axb3 Bd5 40. Rh8+ Kg6 41. Qe8+ Bf7 42. Qxc6+ 1-0

[Event "*** SCC Grand Prix: Titled Tuesday Blitz"]
[Site "Chess.com"]
[Date "2020.07.14"]
[Round "5"]
[White "zajka-molotok"]
[Black "deep306"]
[Result "0-1"]
[WhiteElo "2408"]
[BlackElo "2602"]
[TimeControl "180+1"]
[EndTime "10:55:32 PDT"]
[Termination "deep306 won on time"]

1. e4 e5 2. Nf3 Nc6 3. d4 exd4 4. Nxd4 Bc5 5. Nxc6 Qf6 6. Qf3 bxc6 7. Nc3 d6 8.
Bd3 Bd4 9. Bd2 Ne7 10. Qxf6 Bxf6 11. O-O a5 12. a4 Ba6 13. Bxa6 Rxa6 14. Rad1 O-O 15. b3 Re8 16. Rfe1 Ng6 17. Nb1 Bd4 18. Na3 Ne5 19. Be3 Bc3 20. Bd2 Bd4 21. Be3 Bc3 22. Bd2 Bb2 23. Bc1 Bxa3 24. Bxa3 c5 25. Bb2 Raa8 26.
Re3 Nc6 27. Bc3 f6 28. f3 Kf7 29. Kf2 Rab8 30. Be1 Nb4 31. Bxb4 Rxb4 32. Rc3 Reb8 33. Rd5 Ke6 34. h4 h6 35. h5 c6 36. Rd2 c4 37.
Rxc4 Rxc4 38. bxc4 Rb4 0-1